 Dungeon Crawl Stone Soup version 0.20.1-1-g8b1a95d (webtiles) character file.

7454 QuCean the Cleaver (level 10, -7/90 HPs)
             Began as a Minotaur Fighter on Oct 12, 2017.
             Was a High Priest of Okawaru.
             Mangled by Snorg (16 damage)
             ... on level 10 of the Dungeon on Oct 13, 2017.
             The game lasted 00:37:31 (9419 turns).

QuCean the Cleaver (Minotaur Fighter)               Turns: 9419, Time: 00:37:32

Health: -7/90      AC: 19    Str: 24    XL:     10   Next: 94%
Magic:  6/10       EV: 10    Int: 14    God:    Okawaru [*****.]
Gold:   398        SH: 14    Dex: 10    Spells: 9/9 levels left

rFire    . . .     SeeInvis .   a - +0 war axe
rCold    + + .     Gourm    .   c - +0 shield
rNeg     . . .     Faith    .   F - +1 plate armour "Damnable Contraption" {rC+ Int+3 Stlth+}
rPois    .         Spirit   .   (helmet restricted)
rElec    .         Reflect  .   (no cloak)
rCorr    .         Harm     .   q - +0 pair of gloves
MR       .....                  (no boots)
Stlth    ..........             (no amulet)
Regen    0.3/turn               g - +6 ring of intelligence
MPRegen  0.2/turn               y - ring of protection from cold

@: heroism
A: retaliatory headbutt, horns 2
a: Heroism, Finesse, Renounce Religion


You were on level 10 of the Dungeon.
You worshipped Okawaru.
Okawaru was extremely pleased with you.
You were not hungry.

You visited 2 branches of the dungeon, and saw 11 of its levels.

You collected 398 gold pieces.

Inventory:

Hand Weapons
 a - a +0 war axe (weapon)
 D - a +0 demon trident of venom
Armour
 b - a +0 scale mail
 c - a +0 shield (worn)
 n - a +1 chain mail of fire resistance
 q - a +0 pair of gloves (worn)
 t - the +4 robe of Augmentation {Str+4 Int+4 Dex+4}
   (You found it on level 8 of the Dungeon)

   It affects your strength (+4).
   It affects your intelligence (+4).
   It affects your dexterity (+4).
 F - the +1 plate armour "Damnable Contraption" (worn) {rC+ Int+3 Stlth+}
   (You found it on level 8 of the Dungeon)

   It affects your intelligence (+3).
   It protects you from cold.
   It makes you more stealthy.
Jewellery
 g - a +6 ring of intelligence (left hand)
 y - a ring of protection from cold (right hand)
Wands
 i - a wand of paralysis (10/24)
 l - a wand of lightning (5/15)
Scrolls
 e - 2 scrolls of amnesia
 h - 3 scrolls of remove curse
 j - 4 scrolls of teleportation
 u - 2 scrolls of recharging
 v - a scroll of enchant weapon
 z - a scroll of silence {unknown}
 A - a scroll of fog {unknown}
 I - a scroll of enchant armour {unknown}
 J - a scroll of magic mapping
Potions
 d - a potion of might
 k - a potion of heal wounds {unknown}
 m - 2 potions of haste
 o - 2 potions of degeneration
 r - 2 potions of flight
 s - a potion of curing {unknown}
 x - a potion of magic {unknown}
 E - a potion of berserk rage {unknown}
 L - a potion of lignification {unknown}
Books
 p - a book of Callings

   Spells                             Type                      Level
   a - Summon Small Mammal            Summoning                    1
   b - Call Imp                       Summoning                    2
   c - Call Canine Familiar           Summoning                    3
   d - Summon Guardian Golem          Hexes/Summoning              3
   e - Summon Lightning Spire         Summoning/Air                4
   f - Summon Ice Beast               Ice/Summoning                4
 G - a book of Enchantments

   Spells                             Type                      Level
   a - Cause Fear                     Hexes                        4
   b - Yara's Violent Unravelling     Hexes/Transmutation          5
   c - Silence                        Hexes/Air                    5
   d - Deflect Missiles               Charms/Air                   6
   e - Discord                        Hexes                        8
 K - a book of Flames

   Spells                             Type                      Level
   a - Flame Tongue                   Conjuration/Fire             1
   b - Throw Flame                    Conjuration/Fire             2
   c - Conjure Flame                  Conjuration/Fire             3
   d - Inner Flame                    Hexes/Fire                   3
   e - Sticky Flame                   Conjuration/Fire             4
   f - Fireball                       Conjuration/Fire             5
Miscellaneous
 H - a lightning rod (4/4)
Comestibles
 f - 7 bread rations
 B - 2 meat rations
 C - 3 royal jellies


   Skills:
 + Level 8.5(13.5) Fighting
 + Level 12.4(17.4) Axes
 + Level 9.4(14.4) Armour
 + Level 2.9(7.9) Dodging
 + Level 0.8(5.8) Stealth
 + Level 10.2(15.2) Shields
 + Level 2.2 Invocations


You had 9 spell levels left.
You didn't know any spells.

Dungeon Overview and Level Annotations

Branches:
Dungeon (10/15)            Temple (1/1) D:5             Orc (0/2) D:9
   Lair: D:8-11

Altars:
Ashenzari
Cheibriados
Dithmenos
Elyvilon
Fedhas
Gozag
Hepliaklqana
Kikubaaqudgha
Makhleb
Nemelex Xobeh
Okawaru
Qazlal
Ru
Sif Muna
Trog
Uskayaw
Vehumet
Xom
Yredelemnul
Zin
The Shining One

Shops:
D:5 *

Annotations:
D:4 Menkaure
D:10 Snorg


Innate Abilities, Weirdness & Mutations

You reflexively headbutt those who attack you in melee.
You have a pair of horns on your head.


Message History

The black bear bites you. You block the black bear's attack.
The black bear barely misses you.
Your plate armour "Damnable Contraption" prevents you from hitting Snorg.
You headbutt Snorg.
Snorg is moderately wounded.
You slash the black bear!
You kill the black bear!
Okawaru accepts your kill. Snorg bites you!!
Snorg claws you but does no damage. You block Snorg's attack.
You feel more confident with your borrowed prowess.
Snorg bites you! Snorg claws you!
* * * LOW HITPOINT WARNING * * *
Snorg claws you.
* * * LOW HITPOINT WARNING * * *
You block Snorg's attack. Snorg barely misses you.
Snorg claws you but does no damage.
You slash Snorg!
Snorg is moderately wounded.
You block Snorg's attack. Snorg claws you!
You die...

#####
#...###
#..<..#
##...#.##
#.@T....#
#.#.##....
#.#..# #
#.##.# #
#.##.##.#
#.......#
####.####
#.# .. .
##.# # ..
#.


You could see Snorg (berserk).

Vanquished Creatures
  Fannar (D:10)
  A centaur warrior (D:8)
  A gargoyle (D:8)
  3 trolls
  A wyvern (D:8)
  A human (D:8)
  A steam dragon (D:6)
  4 hogs (D:8)
  A hungry ghost (D:7)
  Edmund (D:6)
  4 black bears
  An orc warrior (D:8)
  An ice beast (D:9)
  A necrophage (D:9)
  2 phantoms
  3 ogres
  2 wolves (D:9)
  5 centaurs
  A crocodile (D:6)
  2 big kobolds
  4 bullfrogs
  2 scorpions
  8 killer bees
  3 howler monkeys
  6 wights (D:6)
  5 crimson imps
  9 hounds
  A jelly (D:6)
  A bullfrog skeleton (D:7)
  2 iguanas
  11 worker ants
  A hound skeleton (D:6)
  7 adders
  4 worms
  3 dart slugs (D:1)
  6 leopard geckos
  25 orcs
  4 giant cockroaches
  12 goblins
  6 hobgoblins
  9 jackals
  13 kobolds
  3 quokkas
  A ball python (D:4)
  6 bats
  7 frilled lizards
  A giant cockroach zombie (D:5)
  A quokka skeleton (D:4)
  4 rats
202 creatures vanquished.

Notes
Turn   | Place    | Note
-------+----------+-------------------------------------------
     0 | D:1      | QuCean the Minotaur Fighter began the quest for the Orb.
     0 | D:1      | Reached XP level 1. HP: 19/19 MP: 0/0
    88 | D:1      | Reached XP level 2. HP: 26/27 MP: 1/1
   351 | D:1      | Reached XP level 3. HP: 33/33 MP: 2/2
   390 | D:1      | Reached skill level 3 in Axes
  1361 | D:2      | Reached XP level 4. HP: 38/40 MP: 3/3
  1552 | D:2      | Reached skill level 4 in Axes
  2208 | D:3      | Found an opulent altar of Gozag.
  3006 | D:4      | Noticed an ogre
  3012 | D:4      | Killed an ogre
  3012 | D:4      | Reached skill level 5 in Axes
  3012 | D:4      | Reached XP level 5. HP: 32/47 MP: 4/4
  3243 | D:4      | Noticed Menkaure
  3592 | D:4      | Noticed a phantom
  3623 | D:4      | Killed a phantom
  3623 | D:4      | Reached skill level 5 in Armour
  3623 | D:4      | Reached XP level 6. HP: 45/53 MP: 5/5
  3701 | D:5      | Entered Level 5 of the Dungeon
  3701 | D:5      | Found Rowihink's General Store.
  4211 | D:5      | Found a staircase to the Ecumenical Temple.
  4245 | Temple   | Entered the Ecumenical Temple
  4300 | Temple   | Became a worshipper of Warmaster Okawaru
  4388 | D:6      | Reached skill level 6 in Axes
  4575 | D:6      | Reached XP level 7. HP: 51/60 MP: 6/6
  4754 | D:6      | Reached skill level 1 in Dodging
  4954 | D:6      | Reached skill level 5 in Fighting
  4963 | D:6      | Reached skill level 7 in Axes
  5336 | D:6      | Reached * piety under Okawaru
  5384 | D:6      | Noticed Edmund
  5404 | D:6      | Killed Edmund
  5404 | D:6      | Reached skill level 5 in Shields
  5646 | D:6      | Reached XP level 8. HP: 66/68 MP: 7/7
  5945 | D:6      | Reached skill level 8 in Axes
  6493 | D:7      | Reached ** piety under Okawaru
  6798 | D:7      | Reached skill level 9 in Axes
  7006 | D:7      | Found a shadowy altar of Dithmenos.
  7010 | D:7      | Found a shattered altar of Ashenzari.
  7149 | D:7      | Reached XP level 9. HP: 76/78 MP: 5/8
  7369 | D:8      | Found a large runed door.
  7370 | D:8      | Found a large runed door.
  7376 | D:8      | Noticed a centaur warrior
  7377 | D:8      | Found a large runed door.
  7377 | D:8      | Found a large runed door.
  7384 | D:8      | Killed a centaur warrior
  7384 | D:8      | Reached *** piety under Okawaru
  7384 | D:8      | Reached skill level 10 in Axes
  7439 | D:8      | Reached skill level 1 in Invocations
  7607 | D:8      | Reached skill level 11 in Axes
  7607 | D:8      | Reached XP level 10. HP: 79/86 MP: 4/9
  7627 | D:8      | Got a bloodstained plate armour
  7638 | D:8      | Identified the +1 plate armour "Damnable Contraption" {rC+ Int+3 Stlth+} (You found it on level 8 of the Dungeon)
  7863 | D:8      | Reached **** piety under Okawaru
  8203 | D:8      | Noticed a gargoyle
  8223 | D:8      | Killed a gargoyle
  8462 | D:9      | Found a staircase to the Orcish Mines.
  9035 | D:9      | Reached skill level 12 in Axes
  9096 | D:9      | Found a glowing golden altar of the Shining One.
  9122 | D:9      | Reached skill level 10 in Shields
  9329 | D:10     | Entered Level 10 of the Dungeon
  9372 | D:10     | Noticed Fannar
  9393 | D:10     | Killed Fannar
  9393 | D:10     | Reached ***** piety under Okawaru
  9406 | D:10     | Noticed Snorg
  9419 | D:10     | Mangled by Snorg

Skill      XL: |  1  2  3  4  5  6  7  8  9 10 |
---------------+-------------------------------+-----
Fighting       | 4 5 6 7 8 |  8.5
Armour         | 4 5 6 7 8 9 |  9.4
Axes           | 3 5 6 7 9 11 12 | 12.4
Shields        | 4 5 6 8 10 | 10.2
Dodging        | 1 2 |  2.9
Invocations    | 1 2 |  2.2
Stealth        | |  0.8

Action                   |  1- 3 |  4- 6 |  7- 9 | 10-12 || total
-------------------------+-------+-------+-------+-------++-------
Melee: War axe           |    92 |   112 |   245 |   210 ||   659
       Headbutt          |     9 |    16 |    44 |    43 ||   112
Invok: Heroism           |       |       |     8 |    18 ||    26
  Use: Scroll            |       |     6 |     3 |     4 ||    13
  Eat: Royal jelly       |     1 |     1 |     3 |     1 ||     6
       Chunk             |       |     6 |     3 |     2 ||    11
       Fruit             |       |     3 |     2 |     1 ||     6
       Bread ration      |       |       |       |     1 ||     1
Armor: Scale mail        |    48 |    33 |       |       ||    81
       Chain mail        |       |       |   113 |    12 ||   125
       Plate armour      |       |       |       |    76 ||    76
Dodge: Dodged            |    24 |    51 |    75 |    58 ||   208
Block: Shield            |    64 |    69 |   140 |   159 ||   432
